 Dungeon Crawl Stone Soup version 0.29.1 (webtiles) character file.

Game seed: 11953457978369876346

80025 masschaos23 the Severer (level 15, 0/147 HPs)
             Began as a Hill Orc Fighter on Sept 15, 2022.
             Was the Champion of Beogh.
             Slain by a culicivora (18 damage)
             ... summoned by a broodmother
             ... on level 4 of the Spider Nest.
             The game lasted 01:42:13 (16966 turns).

masschaos23 the Severer (Hill Orc Fighter)         Turns: 16966, Time: 01:42:14

Health: 0/147      AC: 33    Str: 25      XL:     15   Next: 65%
Magic:  1/16       EV:  5    Int:  6 (8)  God:    Beogh [******]
Gold:   737        SH: 13    Dex: 18      Spells: 14/14 levels left

rFire   + . .      SeeInvis +   l - +7 broad axe of Lugy {flame, rN+ SInv}
rCold   + + .      Faith    .   c - +0 buckler
rNeg    + . .      Spirit   .   N - +3 crystal plate armour {rC+}
rPois   +          Reflect  +   s - +0 helmet
rElec   .          Harm     .   L - +1 cloak {rC+}
rCorr   .          Rampage  .   K - +1 pair of gloves {Dex+3}
Will    +....                   h - +0 pair of boots of Patterns {Regen+ Dex+3}
Stlth   ..........              W - amulet of reflection
HPRegen 1.14/turn               M - ring of protection from fire
MPRegen 0.15/turn               F - ring of poison resistance

@: mighty, on berserk cooldown, slowed, very slow
A: walk on water
a: Renounce Religion, Smiting, Recall Orcish Followers, Give Item to Named
Follower, Resurrection


You were on level 4 of the Spider Nest.
You worshipped Beogh.
Beogh was exalted by your worship.
You visited 3 branches of the dungeon, and saw 17 of its levels.
You also visited: Sewer and Ice Cave.

You collected 1732 gold pieces.
You spent 995 gold pieces at shops.

Inventory:

Hand Weapons
 a - a +4 vorpal war axe
 l - the +7 broad axe of Lugy (weapon) {flame, rN+ SInv}
   (You bought it in a shop on level 2 of the Dungeon)

   It burns those it strikes, dealing additional fire damage.
   Big, fiery blades are also staple armaments of hydra-hunters.
   rN:        It protects you from negative energy.
   SInv:      It lets you see invisible.
 q - a +3 great sword
Missiles
 g - 16 boomerangs
 w - 10 atropa-tipped darts
 y - 6 datura-tipped darts
 B - 34 poisoned darts
 H - 5 boomerangs of dispersal
Armour
 c - a +0 buckler (worn)
 h - the +0 pair of boots of Patterns (worn) {Regen+ Dex+3}
   (You acquired it in a sewer)

   Dex:       It affects your dexterity (+3).
   Regen:     It increases your rate of health regeneration.
 s - a +0 helmet (worn)
 z - the +5 ring mail of Cowardice {rElec}
   (You found it on level 5 of the Dungeon)

   rElec:     It insulates you from electricity.
 K - a +1 pair of gloves of dexterity (worn)
 L - a +1 cloak of cold resistance (worn)
 N - a +3 crystal plate armour of cold resistance (worn)
Jewellery
 b - a ring of magical power
 F - a ring of poison resistance (right hand)
 M - a ring of protection from fire (left hand)
 Q - a ring of see invisible
 W - an amulet of reflection (around neck)
Wands
 e - a wand of digging (3)
 i - a wand of flame (13)
 n - a wand of quicksilver (27)
 E - a wand of polymorph (9)
 G - a wand of charming (3)
 X - a wand of roots (17)
Scrolls
 j - 3 scrolls of noise
 m - a scroll of vulnerability
 p - 2 scrolls of silence
 r - 2 scrolls of immolation
 u - 3 scrolls of teleportation
 v - 4 scrolls of poison
 x - 3 scrolls of fog
 C - 5 scrolls of identify
 D - 2 scrolls of magic mapping
 Z - 2 scrolls of amnesia
Potions
 d - a potion of might
 f - 2 potions of magic
 k - 4 potions of curing
 t - 3 potions of lignification
 A - 6 potions of ambrosia
 J - 2 potions of brilliance
 O - 3 potions of flight
 V - a potion of cancellation
Miscellaneous
 o - a lightning rod (1/4) (quivered)
 T - a tin of tremorstones (2/2)


   Skills:
 + Level 17.3 Fighting
 + Level 20.6 Axes
 + Level 4.2 Throwing
 + Level 13.0 Armour
 - Level 0.4 Dodging
 + Level 13.0 Shields
 + Level 1.5 Invocations
 + Level 2.2 Evocations


You had 14 spell levels left.
You didn't know any spells.
Your spell library contained the following spells:

 Spells                   Type           Power      Damage    Failure   Level
 Beastly Appendage        Tmut           0%         N/A       100%        1
 Foxfire                  Conj/Fire      0%         2x1d4     100%        1
 Freeze                   Ice            0%         1d3       100%        1
 Magic Dart               Conj           0%         1d3       100%        1
 Sting                    Tmut/Pois      0%         1d3       100%        1
 Summon Small Mammal      Summ           0%         N/A       100%        1
 Blink                    Tloc           0%         N/A       100%        2
 Ensorcelled Hibernation  Hex/Ice        0%         N/A       100%        2
 Poisonous Vapours        Pois/Air       0%         N/A       100%        2
 Static Discharge         Conj/Air       0%         3-3/arc   100%        2
 Sublimation of Blood     Necr           0%         N/A       100%        2
 Wereblood                Tmut           0%         N/A       100%        2
 Call Canine Familiar     Summ           0%         N/A       100%        3
 Confusing Touch          Hex            0%         N/A       100%        3
 Conjure Flame            Conj/Fire      0%         6-21      100%        3
 Frozen Ramparts          Ice            0%         1d1       100%        3
 Ignite Poison            Fire/Tmut/Pois 0%         N/A       100%        3
 Inner Flame              Hex/Fire       0%         N/A       100%        3
 Lesser Beckoning         Tloc           0%         N/A       100%        3
 Ozocubu's Armour         Ice            0%         N/A       100%        3
 Spider Form              Tmut/Pois      0%         N/A       100%        3
 Stone Arrow              Conj/Erth      0%         3d7       100%        3
 Summon Guardian Golem    Hex/Summ       0%         N/A       100%        3
 Tukima's Dance           Hex            0%         N/A       100%        3
 Anguish                  Hex/Necr       0%         N/A       100%        4
 Animate Armour           Summ/Erth      0%         N/A       100%        4
 Flame Wave               Conj/Fire      0%         2d4       100%        4
 Ice Form                 Ice/Tmut       0%         N/A       100%        4
 Olgreb's Toxic Radiance  Pois           0%         N/A       100%        4
 Passage of Golubria      Tloc           0%         N/A       100%        4
 Sticky Flame             Conj/Fire      0%         2d3       100%        4
 Summon Ice Beast         Ice/Summ       0%         N/A       100%        4
 Freezing Cloud           Conj/Ice/Air   0%         6-21      100%        5
 Irradiate                Conj/Tmut      0%         3d11      100%        5
 Lightning Bolt           Conj/Air       0%         1d11      100%        5
 Manifold Assault         Tloc           0%         N/A       100%        5
 Metabolic Englaciation   Hex/Ice        0%         N/A       100%        5
 Summon Mana Viper        Hex/Summ       0%         N/A       100%        5
 Yara's Violent Unravell  Hex/Tmut       0%         3d3       100%        5
 Simulacrum               Ice/Necr       0%         N/A       100%        6
 Enfeeble                 Hex            0%         N/A       100%        7
 Monstrous Menagerie      Summ           0%         N/A       100%        7
 Summon Hydra             Summ           0%         N/A       100%        7
 Borgnjor's Revivificati  Necr           0%         N/A       100%        8
 Lehudib's Crystal Spear  Conj/Erth      0%         10d2      100%        8
 Maxwell's Capacitive Co  Air            0%         ∞         100%        8
 Necromutation            Tmut/Necr      0%         N/A       100%        8
 Death's Door             Necr           0%         N/A       100%        9
 Polar Vortex             Ice            0%         N/A       100%        9


Dungeon Overview and Level Annotations

Branches:
Dungeon (11/15)            Temple (0/1) D:7            Lair (2/5) D:10
 Shoals (0/4) Lair:2       Spider (4/4) Lair:2        Sewer (visited)
  IceCv (visited)
    Orc: D:9-12

Altars:
Ashenzari
Dithmenos
Elyvilon
Kikubaaqudgha
Makhleb
Nemelex Xobeh
Uskayaw
Vehumet
Wu Jian
Xom

Shops:
D:2 *   D:4 *   D:6 *   D:8 *

Annotations:
D:8 exclusion: statue


Message History

The culicivora draws strength from Learuk's injuries!
The emperor scorpion stings you!
The emperor scorpion claws you but does no damage.
You block the emperor scorpion's attack.
The emperor scorpion stings you but does no damage.
You block the emperor scorpion's attack.
The emperor scorpion claws you but does no damage.
The broodmother completely misses Learuk.
The culicivora bites Learuk!!
The culicivora draws strength from Learuk's injuries!
The moth of wrath goads the broodmother on!
The broodmother goes berserk!
The jumping spider leaps!
Learuk completely misses the culicivora.
Learuk barely misses the broodmother.
Learuk barely misses the emperor scorpion.
The emperor scorpion stings you but does no damage.
The emperor scorpion barely misses you.
The emperor scorpion claws you but does no damage.
The emperor scorpion stings you but does no damage.
The emperor scorpion claws you but does no damage. x2
The broodmother closely misses Learuk.
The culicivora bites Learuk!!
The culicivora draws strength from Learuk's injuries!
You slash the emperor scorpion! You burn the emperor scorpion.
The emperor scorpion is moderately wounded.
You slice the emperor scorpion!! You burn the emperor scorpion.
You feel very sick.
The culicivora bites Learuk but does no damage.
The broodmother bites Learuk!!
Learuk dies!
The emperor scorpion stings you but does no damage.
You block the emperor scorpion's attack.
The emperor scorpion claws you but does no damage.
The emperor scorpion stings you!
* * * LOW HITPOINT WARNING * * *
The emperor scorpion claws you but does no damage. x2
You feel better. The culicivora bites you!!
* * * LOW HITPOINT WARNING * * *
The culicivora draws strength from your injuries!
The culicivora bites you!!
You die...

,*,^^*****,,*****,,,*,,,*
,^,*,^,,*.~,^*,,,,*,,,,~*
,^***,^*##..***,,*,*,,,**
~,~*****#^.$~******,,~**
*,,,** ##.~#####*~,,**
**~,~####^~.^##.#^,~##
*,^,##..#~##s#.^##,.^##
~,,,#~..^^..~...^#....#
,,,,,~.~.......s@ss...#
^,,^*.~)~~...†yss#..~.#
*~,^**.~#.##^#~~##~.~##
**~,~***#†.†^##.#,,~##
*,,~** ##††#####*~,,**
~,,*****#^..~#*****~,~**
,,*^*,,*##..##*^,***~,,**
,,,*,,,,#^...#,,,,*,,,,~*
,*,,^***##..##***,,,*,,,*


You could see a broodmother (berserk), 2 emperor scorpions, a wolf spider, a
moth of wrath, a culicivora (summoned, berserk) and a jumping spider (summoned).

Vanquished Creatures
  5 emperor scorpions
  4 ghost moths
  A broodmother (Spider:3)
  An entropy weaver (Spider:3)
  Fannar (Lair:2)
  An ice dragon (IceCv)
  A boulder beetle (Spider:3)
  A hydra (Lair:2)
  2 radroaches (Spider:2)
  2 two-headed ogres (D:10)
  3 jorogumos
  A centaur warrior (D:10)
  Erica (D:10)
  2 pharaoh ants
  Amaemon (Lair:2)
  3 steelbarb worms
  The ghost of SnakkuSnakku7 the Skirmisher, a novice DjHu of Dithmenos (D:7)
  8 orb spiders
  An ugly thing (D:10)
  A deep elf pyromancer (D:10)
  13 wolf spiders
  A moth of wrath (Spider:2)
  A cyclops (D:10)
  A black mamba (Lair:2)
  2 elephants (Lair:2)
  2 torpor snails
  A cane toad (Lair:1)
  6 rime drakes
  A kobold demonologist (D:7)
  An unseen horror (D:10)
  5 demonic crawlers
  A komodo dragon (D:7)
  4 trolls
  A hornet (D:10)
  14 tarantellas
  A slime creature (D:10)
  A blink frog (Lair:2)
  2 wraiths (D:10)
  20 jumping spiders
  3 shadows
  A vampire (D:10)
  13 culicivoras
  5 wyverns
  20 yaks
  6 steam dragons
  7 basilisks
  36 redbacks
  Edmund (D:5)
  An acid dragon (D:9)
  3 orc warriors
  3 water moccasins
  A black bear (D:5)
  Pargi (Sewer)
  An ice beast (D:7)
  3 sky beasts
  An ogre (D:4)
  5 centaurs
  5 wolves
  2 phantoms
  5 kobold brigands
  10 bullfrogs
  2 gnoll sergeants
  A scorpion (D:4)
  14 wights
  22 killer bees
  2 howler monkeys
  3 electric eels (D:7)
  6 jellies
  12 komodo dragon simulacra (IceCv)
  3 orc priests
  2 hounds
  2 gnoll boudas
  5 orc wizards
  4 iguanas
  A hell rat (Lair:2)
  A polar bear simulacrum (Lair:2)
  5 gnolls
  3 acid dragon simulacra (IceCv)
  6 adders
  A river rat (Lair:2)
  A white imp (D:6)
  6 steam dragon simulacra (IceCv)
  4 ufetubi
  A worm (D:4)
  10 dart slugs
  28 orcs
  8 ball pythons
  11 endoplasms
  7 giant cockroaches
  7 goblins
  4 hobgoblins
  12 jackals
  31 kobolds
  8 quokkas
  9 bats (Sewer)
  9 frilled lizards
  2 rats
505 creatures vanquished.

Vanquished Creatures (collateral kills)
  Roxanne (Spider:3)
  A broodmother (Spider:4)
  An entropy weaver (Spider:1)
  2 jorogumos (Spider:4)
  A radroach (Spider:3)
  A death scarab (Spider:3)
  6 pharaoh ants
  3 steelbarb worms
  5 orb spiders
  11 wolf spiders
  A moth of wrath (Spider:3)
  2 black mambas (Lair:1)
  A cane toad (Lair:1)
  An orange demon (Lair:2)
  4 demonic crawlers
  A komodo dragon (Lair:2)
  A rime drake (Lair:2)
  A queen bee (Lair:2)
  13 tarantellas
  3 blink frogs (Lair:2)
  A snapping turtle (Lair:2)
  Prince Ribbit (Lair:2)
  18 jumping spiders
  11 culicivoras
  2 wyverns (Lair:2)
  4 yaks (Lair:2)
  3 basilisks
  A steam dragon (Lair:2)
  Grum (D:9)
  14 redbacks
  3 death yak simulacra (Lair:2)
  4 water moccasins (Lair:2)
  A bullfrog (Lair:1)
  9 killer bees (Lair:2)
  An orc (D:9)
134 creatures vanquished.

Vanquished Creatures (others)
  An orc warlord (Spider:4)
  3 orc knights
  A rime drake (IceCv)
  2 orc wizards
  An orc (Lair:2)
  2 kobolds (D:8)
  5 fungi
  25 plants
40 creatures vanquished.

Grand Total: 679 creatures vanquished

Notes
Turn   | Place    | Note
-------+----------+-------------------------------------------
     0 | D:1      | masschaos23 the Hill Orc Fighter began the quest for the
                  | Orb.
     0 | D:1      | Reached XP level 1. HP: 19/19 MP: 1/1
   203 | D:1      | Reached XP level 2. HP: 26/27 MP: 2/2
   565 | D:1      | Reached skill level 3 in Axes
   565 | D:1      | Reached XP level 3. HP: 24/33 MP: 3/3
  1259 | D:2      | Found Akail's General Store.
  1386 | D:2      | Reached XP level 4. HP: 33/41 MP: 4/4
  1896 | D:3      | Found a glowing drain.
  1943 | Sewer    | Entered a sewer
  2038 | Sewer    | Noticed Pargi
  2046 | Sewer    | Killed Pargi
  2047 | Sewer    | Reached skill level 4 in Axes
  2047 | Sewer    | Reached skill level 1 in Throwing
  2047 | Sewer    | Reached XP level 5. HP: 39/47 MP: 5/5
  2125 | Sewer    | Identified a scroll of acquirement
  2125 | Sewer    | Acquired the +0 pair of boots of Patterns {Regen+ Dex+3}
  2411 | D:3      | Reached XP level 6. HP: 53/53 MP: 6/6
  2703 | D:3      | Found a sparkling altar of Nemelex Xobeh.
  2955 | D:4      | Reached skill level 5 in Axes
  3056 | D:4      | Reached skill level 6 in Axes
  3356 | D:4      | Found an ornate altar of the Wu Jian Council.
  3393 | D:4      | Reached XP level 7. HP: 60/60 MP: 7/7
  3480 | D:4      | Found Noceett's General Store.
  3607 | D:4      | You fall into a shaft and drop 2 floors!
  3621 | D:6      | Reached skill level 5 in Fighting
  3641 | D:6      | Reached skill level 7 in Axes
  3745 | D:6      | Found Voptunem's General Store.
  3767 | D:6      | Reached skill level 8 in Axes
  3767 | D:6      | Reached skill level 5 in Shields
  3767 | D:6      | Reached XP level 8. HP: 55/69 MP: 8/8
  3851 | D:6      | Became a worshipper of Beogh the Brigand
  3935 | D:6      | Reached skill level 5 in Armour
  4180 | D:6      | Reached skill level 9 in Axes
  4409 | D:5      | Entered Level 5 of the Dungeon
  4436 | D:5      | Reached * piety under Beogh
  4796 | D:5      | Reached XP level 9. HP: 73/75 MP: 9/9
  4810 | D:5      | Identified the +5 ring mail of Cowardice {rElec}
  4961 | D:5      | Noticed Edmund
  4973 | D:5      | Killed Edmund
  5070 | D:5      | Reached skill level 10 in Axes
  5200 | D:4      | Found a shimmering altar of Xom.
  5433 | D:7      | Found an ancient bone altar of Kikubaaqudgha.
  5464 | D:7      | Found a hide-covered altar of Uskayaw.
  5673 | D:7      | Found a transporter.
  5677 | D:7      | Noticed a komodo dragon
  5716 | D:7      | Noticed a kobold demonologist
  5785 | D:7      | Noticed SnakkuSnakku7's ghost (novice DjHu)
  5796 | D:7      | Reached skill level 11 in Axes
  5807 | D:7      | Got Suuf's Discourse on Concussion and Toxicity
  5856 | D:7      | Found a transporter.
  5885 | D:7      | Reached ** piety under Beogh
  6093 | D:7      | Found a staircase to the Ecumenical Temple.
  6322 | D:7      | Killed a komodo dragon
  6323 | D:7      | Reached skill level 12 in Axes
  6323 | D:7      | Reached XP level 10. HP: 81/86 MP: 10/10
  6341 | D:7      | Killed SnakkuSnakku7's ghost
  6343 | D:7      | Killed a kobold demonologist
  6344 | D:7      | Reached skill level 13 in Axes
  6526 | D:8      | Found Mealawer's Demolitions Depot.
  6945 | D:8      | Found a radiant altar of Vehumet.
  6971 | D:8      | Found a broken altar of Ashenzari.
  7125 | D:8      | Reached *** piety under Beogh
  7572 | D:9      | Reached skill level 14 in Axes
  7725 | D:9      | Found a shadowy altar of Dithmenos.
  7776 | D:9      | Found a burning altar of Makhleb.
  7965 | D:9      | Noticed Grum
  7980 | D:9      | Killed Grum
  8023 | D:9      | Reached XP level 11. HP: 95/95 MP: 11/11
  8219 | D:10     | Entered Level 10 of the Dungeon
  8241 | D:10     | Reached skill level 15 in Axes
  8334 | D:10     | Found a staircase to the Lair.
  8355 | D:10     | Noticed Erica
  8375 | D:10     | Killed Erica
  8463 | D:10     | Found a white marble altar of Elyvilon.
  8476 | D:10     | Noticed a white ugly thing
  8476 | D:10     | Noticed a cyclops
  8476 | D:10     | Noticed a two-headed ogre
  8481 | D:10     | Noticed a centaur warrior
  8489 | D:10     | Killed a white ugly thing
  8493 | D:10     | Killed a two-headed ogre
  8498 | D:10     | Killed a centaur warrior
  8502 | D:10     | Noticed a deep elf pyromancer
  8511 | D:10     | Killed a cyclops
  8512 | D:10     | Reached skill level 10 in Fighting
  8552 | D:10     | Killed a deep elf pyromancer
  8553 | D:10     | Reached skill level 16 in Axes
  8570 | D:10     | Reached **** piety under Beogh
  8693 | D:10     | Got Axiuk's Compendium of Reshaped Graupel
  8697 | D:10     | Identified the +3 halberd of Arbitration {protect, Str+5}
  8734 | D:10     | Noticed a two-headed ogre
  8744 | D:10     | Killed a two-headed ogre
  9023 | D:10     | Reached XP level 12. HP: 105/108 MP: 12/12
  9448 | Lair:1   | Entered Level 1 of the Lair of Beasts
  9709 | Lair:1   | Reached skill level 17 in Axes
 11033 | Lair:1   | You fall into a shaft and drop 1 floor!
 11049 | Lair:2   | Found a staircase to the Shoals.
 11204 | Lair:2   | Noticed Fannar
 11204 | Lair:2   | Noticed a seven-headed hydra
 11214 | Lair:2   | Killed a one-headed hydra
 11221 | Lair:2   | Killed Fannar
 11248 | Lair:2   | Noticed Prince Ribbit
 11264 | Lair:2   | Found a frozen archway.
 11268 | Lair:2   | Killed Prince Ribbit
 11269 | Lair:2   | Reached ***** piety under Beogh
 11284 | IceCv    | Entered an ice cave
 11508 | IceCv    | Noticed an ice dragon
 11522 | IceCv    | Killed an ice dragon
 11629 | IceCv    | Got the Book of the Glacier
 11829 | Lair:2   | Noticed Amaemon
 11837 | Lair:2   | Reached XP level 13. HP: 58/122 MP: 13/13
 11839 | Lair:2   | Gained Learuk as an ally
 11841 | Lair:2   | Killed Amaemon
 11969 | Lair:2   | Reached skill level 18 in Axes
 12097 | Lair:2   | Reached skill level 1 in Evocations
 12545 | Lair:2   | Reached skill level 10 in Armour
 12641 | Lair:2   | Found a hole to the Spider Nest.
 13025 | D:2      | Bought a potion of curing for 42 gold pieces
 13025 | D:2      | Bought 5 atropa-tipped darts for 42 gold pieces
 13025 | D:2      | Bought a scroll of blinking for 105 gold pieces
 13025 | D:2      | Bought the +7 broad axe of Lugy {flame, rN+ SInv} for 806
                  | gold pieces
 13391 | Spider:1 | Entered Level 1 of the Spider Nest
 13397 | Spider:1 | Noticed a ghost moth
 13408 | Spider:1 | Killed a ghost moth
 13467 | Spider:1 | Reached skill level 10 in Shields
 13663 | Spider:1 | Gained Arbolt as an ally
 13673 | Spider:1 | Noticed an entropy weaver
 13683 | Spider:1 | Killed an entropy weaver
 13684 | Spider:1 | Reached ****** piety under Beogh
 13706 | Spider:1 | Reached skill level 1 in Invocations
 13766 | Spider:1 | Reached skill level 19 in Axes
 13788 | Spider:1 | Reached XP level 14. HP: 71/133 MP: 14/14
 14307 | Spider:2 | Reached skill level 15 in Fighting
 14407 | Spider:2 | Noticed an emperor scorpion
 14419 | Spider:2 | Killed an emperor scorpion
 14461 | Spider:2 | Your ally Arbolt died
 14585 | Spider:2 | Noticed a ghost moth
 14592 | Spider:2 | Killed a ghost moth
 15154 | Spider:2 | Noticed an emperor scorpion
 15160 | Spider:2 | Killed an emperor scorpion
 15372 | Spider:2 | You fall into a shaft and drop 1 floor!
 15372 | Spider:3 | Noticed Roxanne
 15546 | Spider:3 | Noticed an entropy weaver
 15561 | Spider:3 | Killed an entropy weaver
 15581 | Spider:3 | Noticed a broodmother
 15586 | Spider:3 | Noticed a ghost moth
 15593 | Spider:3 | Killed a broodmother
 15598 | Spider:3 | Killed a ghost moth
 15782 | Spider:3 | Reached skill level 20 in Axes
 15826 | Spider:3 | Reached XP level 15. HP: 131/145 MP: 16/16
 16072 | Spider:3 | Found a hide-covered altar of Uskayaw.
 16197 | Spider:3 | Killed Roxanne
 16385 | Spider:4 | Entered Level 4 of the Spider Nest
 16779 | Spider:4 | Identified the +3 leather armour of the Glamorous Heron
                  | {rF+ rCorr Str-5 SInv}
 16909 | Spider:4 | Noticed an emperor scorpion
 16915 | Spider:4 | Noticed an emperor scorpion
 16925 | Spider:4 | Killed an emperor scorpion
 16938 | Spider:4 | Killed an emperor scorpion
 16950 | Spider:4 | Noticed a ghost moth
 16951 | Spider:4 | Noticed an emperor scorpion
 16958 | Spider:4 | Noticed an emperor scorpion
 16959 | Spider:4 | Killed a ghost moth
 16959 | Spider:4 | Noticed an emperor scorpion
 16964 | Spider:4 | Killed an emperor scorpion
 16965 | Spider:4 | Your ally Learuk died
 16966 | Spider:4 | Slain by a culicivora

Illustrated notes

Levels and vault maps discovered:
D:1:      saegor_arrival_simple_d, layout_loops_ring
D:2:      minmay_evil_eye, layout_basic, serial_shops,
          nicolae_shop_temple_entry_statues_fountains
D:3:      kennysheep_slugbush, layout_basic, nemelex_altar_shiori,
          gup_sewer_entry_pipe, due_unseen_surprise
D:4:      layout_rooms, nicolae_overflow_hidden_temple, marbit_many_paths,
          serial_shops, shop, hangedman_glass_teeth
D:5:      layout_basic, uniq_edmund
D:6:      layout_rooms, serial_shops, nicolae_inconvenience_store,
          minmay_crystal_room, minmay_stone_trees_small
D:7:      layout_loops_ring, mainiacjoe_overflow_two_lobes,
          minmay_temple_entry_fiery, nzn_ghost_randoct, minivault_4
D:8:      layout_loops_corners, mainiacjoe_overflow_alcove_2, vehumet_statue,
          nicolae_blasting_shop
D:9:      layout_roguey, grunt_dithmenos_shadows,
          mainiacjoe_overflow_six_doors_small, uniq_grum
D:10:     minmay_the_grid_octo_tiled_octocenter
          [minmay_the_grid_octo_fat_diamond, minmay_the_grid_octo_checkered,
          minmay_the_grid_octo_horde, minmay_the_grid_octo_empty,
          minmay_the_grid_octo_prize_square_snowflake,
          minmay_the_grid_square_5x5_almost_minimal,
          minmay_the_grid_square_5x5_checkered_sparse,
          minmay_the_grid_square_5x5_two_walls_a, minmay_the_grid_square_5x5_c],
          layout_cave_pools, overflow_temple_1_default, dpeg_oklobed_lair,
          uniq_erica
D:11:     layout_rooms, erik_orc_1, serial_aquarium, aquarium_bridge_square
          [aquarium_subvault_window, aquarium_subvault_wall,
          aquarium_subvault_bridge, aquarium_subvault_window],
          aquarium_window_fake, aquarium_window_fake, aquarium_view_2a,
          worldfamousw_hep_ancestral_shrine, uniq_sonja
Lair:1:   layout_layer_cave, minmay_holes, hangedman_lair_unloving_vines,
          patterned_corridor
Lair:2:   regret_index_wax_grids, layout_chaotic_city, minmay_shoals_entry_hut,
          nicolae_spider_entry_orb_guardian,
          portal_ice_cave_entry_ice_simulacra, dreamdust_gnoll_shepherd,
          grunt_megastairs_4, uniq_prince_ribbit2, uniq_amaemon, uniq_fannar
Spider:1: layout_spider_delve, nicolae_spider_nook
Spider:2: layout_spider_delve, drop_trap
Spider:3: layout_spider_delve, nicolae_spider_altar_of_dancing, uniq_roxanne
Spider:4: guppyfry_spider_rune

Skill      XL: |  1  2  3  4  5  6  7  8  9 10 11 12 13 14 15 |
---------------+----------------------------------------------+-----
Fighting       | 4 5 6 7 8 10 13 14 16 17 | 17.3
Axes           | 3 4 6 8 9 12 14 16 17 19 20 | 20.6
Throwing       | 1 2 3 4 |  4.2
Armour         | 4 6 7 8 9 10 12 13 | 13.0
Shields        | 4 5 6 7 8 9 10 12 13 | 13.0
Evocations     | 1 2 |  2.2
Invocations    | 1 |  1.5
Dodging        | |  0.4

Action                   |  1- 3 |  4- 6 |  7- 9 | 10-12 | 13-15 || total
-------------------------+-------+-------+-------+-------+-------++-------
Melee: War axe           |    68 |   139 |   244 |   537 |   136 ||  1124
       Broad axe         |       |       |       |       |   440 ||   440
Throw: Boomerang         |    18 |    48 |    36 |     7 |     2 ||   111
Invok: Convert to Beogh  |       |       |     1 |       |       ||     1
       Recall Orcish Fol |       |       |       |     3 |     6 ||     9
       Give Item to Name |       |       |       |       |     1 ||     1
Evoke: Lightning rod     |       |       |       |     3 |     6 ||     9
       Tin of tremorston |       |       |       |     2 |       ||     2
       Wand              |       |       |       |       |     4 ||     4
  Use: Scroll            |       |    12 |     6 |     7 |     9 ||    34
       Potion            |       |     2 |     3 |     9 |     5 ||    19
 Stab: Sleeping          |       |       |     1 |       |       ||     1
       Distracted        |       |       |       |     5 |    11 ||    16
       Confused          |       |       |       |     1 |       ||     1
       Invisible         |       |       |       |       |     6 ||     6
Armor: Scale mail        |    41 |   170 |    64 |       |       ||   275
       Ring mail         |       |       |    36 |   257 |     8 ||   301
       Crystal plate arm |       |       |       |       |   566 ||   566
Dodge: Dodged            |    38 |   145 |   114 |   186 |   126 ||   609
Block: Buckler           |    14 |    66 |    57 |   123 |   379 ||   639
